 Dungeon Crawl Stone Soup version 0.22-a0-351-g29664b4 (webtiles) character file.

26433 4thArraOfDagon the Arsonist (level 13, -22/72 HPs)
             Began as an Octopode Fire Elementalist on Apr 12, 2018.
             Was a High Priest of Vehumet.
             Shot with an arrow by a centaur warrior (27 damage)
             ... on level 13 of the Dungeon.
             The game lasted 00:45:04 (6818 turns).

4thArraOfDagon the Arsonist (OpFE)                  Turns: 6818, Time: 00:45:05

Health: -22/72     AC:  3    Str:  7    XL:     13   Next: 26%
Magic:  8/35       EV: 19    Int: 21    God:    Vehumet [*****.]
Gold:   781        SH:  0    Dex: 19    Spells: 16/30 levels left

rFire    . . .     SeeInvis .   f - +7 dagger (protect)
rCold    + . .     Gourm    .   (no shield)
rNeg     . . .     Faith    .   u - +2 hat
rPois    .         Spirit   .   l - amulet of regeneration
rElec    .         Reflect  .   D - ring of protection from cold
rCorr    .         Harm     .   k - ring of magical power
MR       .....                  (no ring)
Stlth    ++++......             (no ring)
HPRegen  0.62/turn              (no ring)
MPRegen  0.24/turn              (no ring)
                                (no ring)
                                (no ring)

@: agile
A: almost no armour, stealthy swim, amphibious, 8 rings, constrict 8, camouflage
1, gelatinous body 1
a: Renounce Religion


You were on level 13 of the Dungeon.
You worshipped Vehumet.
Vehumet was extremely pleased with you.
You were hungry.

You visited 2 branches of the dungeon, and saw 16 of its levels.

You collected 975 gold pieces.
You spent 194 gold pieces at shops.

Inventory:

Hand Weapons
 f - a +7 dagger of protection (weapon)
Missiles
 p - a throwing net (quivered)
Armour
 u - a +2 hat (worn)
Magical Staves
 n - an uncursed staff of cold
 C - an uncursed staff of earth
Jewellery
 k - a ring of magical power (right tentacle)
 l - an amulet of regeneration (around mantle)
 D - a ring of protection from cold (left tentacle)
Wands
 e - a wand of iceblast (4)
 i - a wand of scattershot (10)
 s - a wand of flame (74)
 x - a wand of polymorph (11)
 y - a wand of enslavement (8)
Scrolls
 a - 2 scrolls of amnesia
 d - 13 scrolls of teleportation
 o - 2 scrolls of blinking
 t - 2 scrolls of immolation {unknown}
 w - 2 scrolls of fear {unknown}
 z - a scroll of magic mapping
 B - 2 scrolls of remove curse
 G - a scroll of brand weapon {unknown}
Potions
 c - a potion of magic {unknown}
 g - a potion of mutation {unknown}
 h - 2 potions of ambrosia
 j - 2 potions of brilliance
 q - a potion of flight
 r - a potion of agility
 v - a potion of berserk rage
 A - 2 potions of heal wounds
 E - a potion of invisibility {unknown}
 F - a potion of cancellation
Comestibles
 b - 29 rations
 H - 4 chunks of flesh


   Skills:
 + Level 0.8 Fighting
 + Level 2.2 Dodging
 - Level 2.6 Stealth
 + Level 9.1 Spellcasting
 * Level 13.2 Conjurations
 * Level 13.5 Fire Magic
 - Level 6.0 Evocations


You had 16 spell levels left.
You knew the following spells:

 Your Spells              Type           Power        Failure   Level  Hunger
a - Flame Tongue          Conj/Fire      #####        1%          1    None
b - Conjure Flame         Conj/Fire      ######..     1%          3    None
c - Sticky Flame          Conj/Fire      ######..     1%          4    ##.....
d - Fireball              Conj/Fire      ######....   1%          5    #####..
e - Apportation           Tloc           #.....       7%          1    None


Dungeon Overview and Level Annotations

Branches:
Dungeon (15/15)            Temple (1/1) D:5            Lair (0/6) D:8
    Orc (0/2) D:12
 Vaults: D:13-14     Depths: D:15

Altars:
Ashenzari
Cheibriados
Dithmenos
Elyvilon
Fedhas
Gozag
Hepliaklqana
Makhleb
Nemelex Xobeh
Okawaru
Qazlal
Ru
Sif Muna
Trog
Uskayaw
Vehumet
Wu Jian
Xom
The Shining One

Shops:
D:4 ?   D:10 (

Annotations:
D:12 NormalPerson7's ghost, journeyman TeHu


Innate Abilities, Weirdness & Mutations

You cannot wear most types of armour.
You are very stealthy in the water. (Stealth+)
You are amphibious.
You can wear up to eight rings at the same time.
You can use your tentacles to constrict eight enemies at once.
Your skin changes colour to match your surroundings (Stealth+).
Your rubbery body absorbs attacks. (AC +1, EV +1)


Message History

The centaur is splashed with acid.
You kill the centaur!
Vehumet accepts your kill.
You feel your power returning.
The now-empty wand crumbles to dust.
Things that are here:
an uncursed longbow; 24 arrows; a centaur corpse Unknown command.
Things that are here:
a shortbow; 9 arrows A centaur warrior comes into view.
Things that are here:
an uncursed longbow; 24 arrows; a centaur corpse Unknown command.
Evoke which item? (* to show all) (? for menu, Esc to quit)
Okay, then.
The centaur warrior wields a shortbow.
The centaur warrior shoots an arrow.
The arrow hits you!!
* * * LOW HITPOINT WARNING * * *
The centaur warrior shoots an arrow.
The arrow hits you!!
You die...

####### #.....# #.....#
#(....# #.....# ......
#.#####....@#####....#
#.#........)§)..#....#
#####.##########c#).#....#
#................#.)#....#
#................#..#....####
#................##'#........
#..................(.........
#...................(l.......
#....................c†......


You could see a centaur warrior.

Vanquished Creatures
  2 hydras
  2 centaur warriors
  2 two-headed ogres
  Urug (D:10)
  3 skeletal warriors (D:13)
  2 unseen horrors
  An orc knight (D:15)
  A deep elf mage (D:14)
  An ugly thing (D:11)
  2 manticores
  3 centaur zombies
  A gargoyle (D:14)
  A komodo dragon (D:8)
  A redback zombie (D:15)
  The ghost of Amnesiac the Ducker, a novice SpBe of Trog (D:4)
  A troll (D:12)
  2 meliai
  Grinder (D:4)
  A hornet (D:11)
  6 slime creatures
  3 hippogriffs
  29 yaks
  A shadow (D:14)
  A steam dragon (D:8)
  A hungry ghost (D:9)
  A warg (D:12)
  2 insubstantial wisps (D:8)
  An acid dragon (D:12)
  7 orc warriors
  7 sky beasts
  3 phantoms
  2 black bears
  2 necrophages
  6 ogres
  15 centaurs
  A crocodile (D:9)
  9 bullfrogs
  A wyvern zombie (D:6)
  A water moccasin zombie (D:6)
  A wyvern skeleton (D:13)
  5 scorpions
  5 killer bees (D:11)
  7 wights (D:11)
  4 howler monkeys
  12 crimson imps
  9 hounds
  A gnoll shaman (D:6)
  9 orc wizards
  2 bullfrog skeletons
  2 centaur skeletons
  3 orc priests
  Crazy Yiuf (D:4)
  3 jellies
  9 iguanas
  Ijyb (D:4)
  7 worker ants
  A killer bee zombie (D:7)
  A hound zombie (D:6)
  A hound skeleton (D:6)
  Robin (D:3)
  7 gnolls
  13 adders
  A shadow imp (D:9)
  3 worms
  4 dart slugs
  10 leopard geckos
  40 orcs
  5 bats
  5 giant cockroaches
  14 goblins
  13 hobgoblins
  6 jackals (D:2)
  8 kobolds
  4 quokkas
  A ball python (D:7)
  3 frilled lizards
  A jackal skeleton (D:5)
  A quokka skeleton (D:6)
  4 rats
  A plant (D:8)
357 creatures vanquished.

Vanquished Creatures (others)
  A wolf spider zombie (D:15)
  A rat (D:3)
  A plant (D:8)
3 creatures vanquished.

Grand Total: 360 creatures vanquished

Notes
Turn   | Place    | Note
-------+----------+-------------------------------------------
     0 | D:1      | 4thArraOfDagon the Octopode Fire Elementalist began the quest for the Orb.
     0 | D:1      | Reached XP level 1. HP: 11/11 MP: 3/3
    83 | D:1      | Reached XP level 2. HP: 16/17 MP: 1/5
   373 | D:2      | Reached XP level 3. HP: 18/21 MP: 6/6
   374 | D:2      | Found a faded altar of an unknown god.
   386 | D:2      | Reached XP level 4. HP: 24/27 MP: 4/7
   510 | D:3      | Learned a level 3 spell: Conjure Flame
   515 | D:3      | Learned a level 4 spell: Sticky Flame
   541 | D:4      | Noticed Ijyb
   569 | D:3      | Noticed a centaur
   602 | D:3      | Killed a centaur
   602 | D:3      | Reached XP level 5. HP: 11/31 MP: 3/9
   790 | D:3      | disto spear :P
   792 | D:3      | Noticed Robin
   827 | D:4      | Noticed Grinder
   852 | D:4      | Killed Grinder
   852 | D:4      | Reached skill level 5 in Fire Magic
   852 | D:4      | Reached XP level 6. HP: 36/36 MP: 1/10
   882 | D:4      | Noticed Amnesiac's ghost (novice SpBe)
   886 | D:4      | Killed Ijyb
   886 | D:4      | Reached XP level 7. HP: 38/41 MP: 5/12
   911 | D:4      | Killed Amnesiac's ghost
   911 | D:4      | Reached skill level 5 in Conjurations
  1067 | D:5      | Entered Level 5 of the Dungeon
  1095 | D:5      | Reached XP level 8. HP: 37/46 MP: 6/14
  1108 | D:5      | Learned a level 5 spell: Fireball
  1110 | D:5      | Learned a level 1 spell: Apportation
  1164 | D:5      | Found a staircase to the Ecumenical Temple.
  1173 | Temple   | Entered the Ecumenical Temple
  1184 | Temple   | Became a worshipper of Vehumet
  1606 | D:2      | Reached * piety under Vehumet
  1606 | D:2      | Offered knowledge of Magic Dart by Vehumet.
  1668 | D:3      | Killed Robin
  1839 | D:4      | Found Buonuder's Magic Scroll Shop.
  1852 | D:4      | Bought a scroll of blinking for 97 gold pieces
  1852 | D:4      | Bought a scroll of blinking for 97 gold pieces
  1908 | D:4      | Found a runed door.
  1912 | D:4      | Noticed Crazy Yiuf
  1921 | D:4      | Killed Crazy Yiuf
  2120 | D:6      | Reached XP level 9. HP: 18/51 MP: 16/16
  2136 | D:6      | Reached skill level 5 in Spellcasting
  2209 | D:6      | Offered knowledge of Sting by Vehumet.
  2220 | D:6      | Reached ** piety under Vehumet
  2608 | D:7      | Offered knowledge of Ignite Poison by Vehumet.
  2614 | D:7      | Found a snail-covered altar of Cheibriados.
  2666 | D:7      | Found a sacrificial altar of Ru.
  2711 | D:7      | Reached XP level 10. HP: 29/56 MP: 18/18
  2768 | D:7      | Reached *** piety under Vehumet
  3057 | D:8      | Found a staircase to the Lair.
  3210 | D:8      | Reached skill level 10 in Fire Magic
  3482 | D:9      | Offered knowledge of Fulminant Prism by Vehumet.
  3761 | D:10     | Entered Level 10 of the Dungeon
  3761 | D:10     | Found Porug's Antique Weapon Shoppe.
  4002 | D:10     | Noticed Urug
  4017 | D:10     | Killed Urug
  4017 | D:10     | Reached skill level 10 in Conjurations
  4262 | D:11     | Reached skill level 1 in Evocations
  4274 | D:11     | Noticed a green ugly thing
  4280 | D:11     | Killed a green ugly thing
  4280 | D:11     | Reached XP level 11. HP: 60/61 MP: 21/21
  4324 | D:11     | Reached **** piety under Vehumet
  4381 | D:11     | Found a shadowy altar of Dithmenos.
  4390 | D:11     | Offered knowledge of Throw Icicle by Vehumet.
  4604 | D:12     | Found a stormy altar of Qazlal.
  4768 | D:12     | Noticed a manticore
  4768 | D:12     | Noticed an unseen horror
  4773 | D:12     | Killed an unseen horror
  4778 | D:12     | Killed a manticore
  4909 | D:12     | Reached ***** piety under Vehumet
  4909 | D:12     | Offered knowledge of Venom Bolt by Vehumet.
  4939 | D:12     | Found a staircase to the Orcish Mines.
  5040 | D:12     | Noticed a two-headed ogre
  5048 | D:12     | Killed a two-headed ogre
  5082 | D:12     | Reached XP level 12. HP: 32/66 MP: 18/23
  5135 | D:12     | Noticed a seven-headed hydra
  5191 | D:12     | Noticed NormalPerson7's ghost (journeyman TeHu)
  5373 | D:13     | Noticed a vault guard
  5373 | D:13     | Reached skill level 5 in Evocations
  5375 | D:13     | Noticed a vault guard
  5631 | D:13     | Noticed a two-headed ogre
  5633 | D:13     | Killed a two-headed ogre
  6032 | D:14     | Noticed a seven-headed hydra
  6065 | D:14     | Killed a seven-headed hydra
  6158 | D:14     | Found a glowing golden altar of the Shining One.
  6345 | D:15     | Entered Level 15 of the Dungeon
  6407 | D:15     | Noticed a centaur warrior
  6410 | D:15     | Killed a centaur warrior
  6412 | D:15     | Reached XP level 13. HP: 68/71 MP: 4/25
  6507 | D:14     | Offered knowledge of Iron Shot by Vehumet.
  6818 | D:13     | Shot with an arrow by a centaur warrior

Vault maps used:
D:1:      grunt_arrival_lava_bath
D:2:      chequers_ecumenical_altar_island
D:3:      first_ration, uniq_robin
D:4:      serial_shops, shop, uniq_grinder, uniq_ijyb, uniq_crazy_yiuf_cottage
D:5:      minmay_temple_entry_mist
D:6:      minmay_three_doors
D:7:      nicolae_overflow_crystal_walls, grunt_ogre_cave,
          nicolae_ru_path_of_blood
D:8:      david_lair_shrubbed, hangedman_misty_isle
D:9:      nrook_loot_triangle
D:10:     serial_shops, nicolae_shop_overgrown_old_shop, uniq_urug
D:11:     grunt_dithmenos_smoke_and_mirrors
D:12:     erik_orc_3, minmay_holes, grunt_qazlal_sundering
D:13:     lightli_vaults_fourway_checkpoint
D:14:     minmay_misc_feat_square, tso_altar
D:15:     grunt_enter_depths_hoard
Temple:   dpeg_three_leaves_temple

Skill      XL: |  1  2  3  4  5  6  7  8  9 10 11 12 13 |
---------------+----------------------------------------+-----
Conjurations   | 2 3 4 5 7 8 10 11 12 13 | 13.2
Fire Magic     | 4 5 6 7 9 10 11 13 | 13.5
Spellcasting   | 3 4 5 7 8 9 |  9.1
Evocations     | 1 4 6 |  6.0
Fighting       | |  0.8
Dodging        | |  2.2
Stealth        | |  2.6

Action                   |  1- 3 |  4- 6 |  7- 9 | 10-12 | 13-15 || total
-------------------------+-------+-------+-------+-------+-------++-------
Melee: Whip              |    23 |       |       |       |       ||    23
       Constrict         |    10 |     9 |    34 |    44 |     3 ||   100
       Tentacles         |     5 |     7 |    24 |    52 |     2 ||    90
       Dagger            |    22 |    23 |   139 |   283 |    22 ||   489
       Staff             |       |       |       |     3 |       ||     3
Throw: Throwing net      |       |     2 |       |     1 |       ||     3
 Cast: Flame Tongue      |    14 |    33 |    90 |    68 |     1 ||   206
       Conjure Flame     |       |     2 |     7 |    41 |     5 ||    55
       Sticky Flame      |       |     1 |    23 |    33 |     7 ||    64
       Fireball          |       |       |     7 |    70 |    14 ||    91
Evoke: Wand              |       |     1 |    11 |    11 |     5 ||    28
  Use: Scroll            |     3 |     4 |    10 |     7 |       ||    24
       Potion            |       |     5 |     1 |     3 |     1 ||    10
 Stab: Sleeping          |     3 |       |     3 |     8 |       ||    14
       Distracted        |       |       |       |     1 |       ||     1
  Eat: Chunk             |       |     1 |    13 |    30 |     2 ||    46
       Ration            |       |       |       |     1 |     1 ||     2
Armor: Skin              |     7 |     9 |    39 |    68 |     8 ||   131
Dodge: Dodged            |    42 |    34 |   134 |   172 |    33 ||   415

Table legend:
 A = Spawn XP
 B = Non-spawn XP
 C = Spawn XP percentage of total XP
 D = Spawn monster count
 E = Non-spawn monster count
 F = Spawn count percentage of total count
 G = Total turns spent on level
                    A         B        C        D         E        F      G
               +---------+---------+-------+---------+---------+-------+---------
         Total |       0 |   37762 |   0.0 |       0 |     357 |   0.0 |  6818
               +---------+---------+-------+---------+---------+-------+---------
           D:1 |       0 |      31 |   0.0 |       0 |      14 |   0.0 |   297
           D:2 |       0 |     130 |   0.0 |       0 |      31 |   0.0 |   448
           D:3 |       0 |     373 |   0.0 |       0 |      30 |   0.0 |   457
           D:4 |       0 |     996 |   0.0 |       0 |      18 |   0.0 |   462
           D:5 |       0 |     718 |   0.0 |       0 |      25 |   0.0 |   405
           D:6 |       0 |    1453 |   0.0 |       0 |      30 |   0.0 |   420
           D:7 |       0 |    1353 |   0.0 |       0 |      24 |   0.0 |   342
           D:8 |       0 |    1762 |   0.0 |       0 |      16 |   0.0 |   506
           D:9 |       0 |     622 |   0.0 |       0 |       7 |   0.0 |   403
          D:10 |       0 |     925 |   0.0 |       0 |       5 |   0.0 |   341
          D:11 |       0 |    4424 |   0.0 |       0 |      41 |   0.0 |   497
          D:12 |       0 |    6597 |   0.0 |       0 |      46 |   0.0 |   840
          D:13 |       0 |    8942 |   0.0 |       0 |      38 |   0.0 |   426
          D:14 |       0 |    5238 |   0.0 |       0 |      19 |   0.0 |   866
          D:15 |       0 |    4198 |   0.0 |       0 |      13 |   0.0 |    87
               +---------+---------+-------+---------+---------+-------+---------
